 Dungeon Crawl Stone Soup version 0.28-a0-1404-g4df0f3684d (webtiles) character file.

Game seed: 13574414308642670476

166 HallandMoats the Shield-Bearer (level 5, 0/42 HPs)
             Began as a Formicid Fighter on Jan 6, 2022.
             Was an Initiate of Gozag.
             Slain by Blork the orc (8 damage)
             ... on level 4 of the Dungeon.
             The game lasted 00:02:24 (3423 turns).

HallandMoats the Shield-Bearer (Formicid Fighter)   Turns: 3423, Time: 00:02:24

Health: 0/42       AC:  7    Str: 21    XL:     5   Next: 76%
Magic:  6/6        EV: 10    Int:  7    God:    Gozag
Gold:   267        SH:  5    Dex: 12    Spells: 4/4 levels left

rFire   . . .      SeeInvis +   b - +2 dagger (elec)
rCold   . . .      Faith    .   c - +0 buckler
rNeg    . . .      Spirit   .   d - +0 scale mail
rPois   .          Reflect  .   (helmet unavailable)
rElec   .          Harm     .   (no cloak)
rCorr   .          Rampage  .   (no gloves)
Will    .....                   (no boots)
Stlth   ..........              (no amulet)
HPRegen 0.14/turn               (no ring)
MPRegen 0.10/turn               (no ring)

@: no status effects
A: permanent stasis, dig shafts and tunnels, antennae 3, four strong arms
a: Dig, Shaft Self, Renounce Religion, Potion Petition, Call Merchant, Bribe
Branch


You were on level 4 of the Dungeon.
You worshipped Gozag.
Gozag was aware of your devotion.
You visited 1 branch of the dungeon, and saw 4 of its levels.

You collected 267 gold pieces.

Inventory:

Hand Weapons
 a - a +0 war axe
 b - a +2 dagger of electrocution (weapon)
Armour
 c - a +0 buckler (worn)
 d - a +0 scale mail (worn)
Jewellery
 e - a ring of fire
Scrolls
 k - a scroll of noise {unknown}
 l - a scroll of vulnerability {unknown}
 n - a scroll of identify {unknown}
 o - a scroll of fog {unknown}
Potions
 f - a potion of cancellation
 g - a potion of degeneration {unknown}
 h - a potion of resistance {unknown}
 i - a potion of magic {unknown}
 j - a potion of mutation {unknown}
 m - 2 potions of heal wounds


   Skills:
 + Level 3.8 Fighting
 + Level 2.8(3.0) Axes
 + Level 1.5(2.4) Maces & Flails
 + Level 3.9 Armour
 + Level 1.6 Dodging
 + Level 4.2 Shields
 + Level 1.8 Invocations


You had 4 spell levels left.
You didn't know any spells.
Your spell library contained the following spells:

 Spells                   Type           Power      Damage    Failure   Level
 Sandblast                Erth           0%         2d4       83%         1
 Passwall                 Tmut/Erth      0%         N/A       92%         2
 Stone Arrow              Conj/Erth      0%         3d7       99%         3
 Animate Armour           Summ/Erth      0%         N/A       100%        4
 Lehudib's Crystal Spear  Conj/Erth      0%         10d2      100%        8


Dungeon Overview and Level Annotations

Branches:
Dungeon (4/15)
 Temple: D:4-7

Altars:
Gozag

Shops:
D:3 **::

Annotations:
D:4 Blork the orc, Robin


Innate Abilities, Weirdness & Mutations

You cannot be hasted, slowed, berserked, paralysed or teleported.
You can dig through walls and to a lower floor.
You have a pair of large antennae on your head. (SInv)
Your four strong arms can wield two-handed weapons with a shield.


Message History

Lightning courses through Blork the orc!!
Blork the orc is severely wounded.
Blork the orc hits you with a +0 short sword!
The hobgoblin barely misses you.
You barely miss Blork the orc.
Blork the orc is severely wounded.
Blork the orc points at you and mumbles some strange words.
The puff of frost misses you.
Blork the orc hits you but does no damage.
The hobgoblin closely misses you.
You barely miss Blork the orc.
Blork the orc is severely wounded.
Blork the orc hits you with a +0 short sword.
The hobgoblin hits you.
You hit Blork the orc.
Blork the orc is almost dead.
Blork the orc hits you but does no damage.
Blork the orc hits you with a +0 short sword!
The hobgoblin hits you.
* * * LOW HITPOINT WARNING * * *
You hit Blork the orc but do no damage.
Blork the orc is almost dead.
Blork the orc barely misses you. You block Blork the orc's attack.
The hobgoblin closely misses you.
You hit Blork the orc but do no damage.
Blork the orc is almost dead.
You block Blork the orc's attack.
The hobgoblin hits you but does no damage.
You hit Blork the orc but do no damage.
Blork the orc is almost dead.
Blork the orc misses you.
Blork the orc hits you with a +0 short sword.
* * * LOW HITPOINT WARNING * * *
The hobgoblin hits you but does no damage.
The goblin shouts!
You hit Blork the orc.
Blork the orc is almost dead.
Blork the orc hits you with a +0 short sword!
You die...
Your body crumbles into a pile of gold.

##.# ########.#.#
#........#.# .........#:#
#......#.# #####
#......#.# #....
.##...o##g##########....
#.......@ggg...........<.
#..########g##.g....#....
# ......{{{.>.....#####
######.{........#
+{{..{.....# #....{.....#
$ ........###+###
###g.g..# #..g..#


You could see Blork the orc (fast), 4 hobgoblins and 2 goblins.

Vanquished Creatures
  An ogre (D:3)
  Terence (D:2)
  A gnoll (D:1)
  An adder (D:2)
  A worm (D:2)
  2 dart slugs
  3 endoplasms
  5 giant cockroaches
  5 goblins
  2 hobgoblins
  A quokka (D:1)
  3 ball pythons
  3 bats (D:1)
  3 frilled lizards
  A kobold (D:3)
  3 rats
36 creatures vanquished.

Notes
Turn   | Place    | Note
-------+----------+-------------------------------------------
     0 | D:1      | HallandMoats the Formicid Fighter began the quest for the
                  | Orb.
     0 | D:1      | Reached XP level 1. HP: 18/18 MP: 1/1
   339 | D:1      | Reached XP level 2. HP: 19/24 MP: 2/2
   437 | D:1      | Reached XP level 3. HP: 25/29 MP: 3/3
   712 | D:1      | Found a faded altar of an unknown god.
   729 | D:1      | Prayed at the altar of an unknown god.
   729 | D:1      | Became a worshipper of Gozag Ym Sagoz the Greedy
   878 | D:1      | Reached skill level 1 in Invocations
  1697 | D:2      | Reached skill level 1 in Maces & Flails
  1697 | D:2      | Reached skill level 1 in Dodging
  1697 | D:2      | Reached XP level 4. HP: 34/35 MP: 4/4
  1829 | D:2      | Noticed Terence
  1835 | D:2      | Killed Terence
  1836 | D:2      | Reached skill level 4 in Shields
  2089 | D:3      | Found Mazxecun's General Store.
  2122 | D:3      | Found Gitim's Book Shoppe.
  2269 | D:3      | Found Zeuqas's Book Shop.
  2324 | D:3      | Noticed an ogre
  2331 | D:3      | Killed an ogre
  2332 | D:3      | Reached XP level 5. HP: 4/42 MP: 6/6
  2797 | D:3      | Found Ixatod's Assorted Antiques.
  3402 | D:4      | Noticed Robin
  3410 | D:4      | Noticed Blork the orc
  3423 | D:4      | Slain by Blork the orc

Illustrated notes

Levels and vault maps discovered:
D:1:      denvon_arrival_waterhouse, layout_basic, basic_ecumenical_altar
D:2:      layout_loops_cross, uniq_terence
D:3:      layout_basic, serial_shops, shop, shop, nicolae_diamond_shop, shop,
          serial_curves, eino_curves_04, eino_curves_03
D:4:      cheibrodos_thug_alley, layout_basic, uniq_menkaure, uniq_pikel,
          uniq_robin, uniq_blork_the_orc

Skill      XL: |  1  2  3  4 |
---------------+-------------+-----
Invocations    | 1 |  1.8
Maces & Flails | 1 |  1.5
Dodging        | 1 |  1.6
Shields        | 4 |  4.2
Fighting       | |  3.8
Axes           | |  2.8
Armour         | |  3.9

Action                   |  1- 3 |  4- 6 || total
-------------------------+-------+-------++-------
Melee: War axe           |    68 |       ||    68
       Dagger            |    19 |    34 ||    53
  Use: Potion            |     1 |     2 ||     3
Armor: Scale mail        |    40 |    12 ||    52
Dodge: Dodged            |    38 |    18 ||    56
Block: Buckler           |    19 |     5 ||    24

Table legend: (Time is in decaauts)
 A = Elapsed time spent in this place.
 B = Non-inter-level travel time spent in this place.
 C = Inter-level travel time spent in this place.
 D = Time resting spent in this place.
 E = Time spent auto-exploring this place.
 F = Levels seen in this place.
 G = Mean time per level.
                   A        B        C        D        E       F      G
               +--------+--------+--------+--------+--------+-----+--------+
         Total |   3454 |   3373 |     81 |    523 |   2523 |   4 |  863.5 |
       Dungeon |   3454 |   3373 |     81 |    523 |   2523 |   4 |  863.5 |
               +--------+--------+--------+--------+--------+-----+--------+

Top non-repeatable levels by time:
     D:3: 1301 daAuts
     D:2: 1095 daAuts
     D:1: 1019 daAuts
     D:4: 38 daAuts
